 Dungeon Crawl Stone Soup version 0.22-a0-422-g9628fc8 (webtiles) character file.

51 Ijustatesigmund the Skirmisher (level 3, 0/42 HPs)
             Began as an Ogre Hunter on May 18, 2018.
             Slain by a jackal (1 damage)
             ... on level 2 of the Dungeon.
             The game lasted 00:03:15 (1347 turns).

Ijustatesigmund the Skirmisher (Ogre Hunter)        Turns: 1347, Time: 00:03:16

Health: 0/42       AC:  3    Str: 21    XL:     3   Next: 83%
Magic:  3/3        EV: 10    Int: 12    God:
Gold:   23         SH:  0    Dex: 10    Spells: 2/2 levels left

rFire    . . .     SeeInvis .   a - +0 club
rCold    + . .     Gourm    .   (no shield)
rNeg     . . .     Faith    .   b - +0 robe
rPois    .         Spirit   .   (helmet restricted)
rElec    .         Reflect  .   (no cloak)
rCorr    .         Harm     .   (gloves unavailable)
MR       .....                  (boots unavailable)
Stlth    +.........             (no amulet)
HPRegen  0.14/turn              e - ring of protection from cold
MPRegen  0.08/turn              (no ring)

@: mighty
A: large, unfitting armour, tough skin 1
a: no special abilities


You were on level 2 of the Dungeon.
You were hungry.

You visited 1 branch of the dungeon, and saw 2 of its levels.

You collected 23 gold pieces.

Inventory:

Hand Weapons
 a - a +0 club (weapon)
Missiles
 c - 4 large rocks (quivered)
 d - 2 throwing nets
Armour
 b - a +0 robe (worn)
Jewellery
 e - a ring of protection from cold (left hand)
Potions
 j - 2 potions of flight
Comestibles
 f - 2 rations


   Skills:
 - Level 5.0 Fighting
 + Level 1.1 Maces & Flails
 - Level 4.0 Throwing
 - Level 1.7 Dodging
 - Level 0.6 Stealth


You had 2 spell levels left.
You didn't know any spells.
Your spell library was empty.

Dungeon Overview and Level Annotations

Branches:
Dungeon (2/15)

Altars:


Innate Abilities, Weirdness & Mutations

You are too large for most types of armour.
You have tough skin. (AC +1)


Message History

You sock the jackal!
You kill the jackal!
The jackal bites you.
* * * LOW HITPOINT WARNING * * *
The jackal bites you.
* * * LOW HITPOINT WARNING * * *
The rat bites you but does no damage. The jackal barely misses you.
Throwing (i - inventory. (/) - cycle)
c - 5 large rocks (quivered)
Press: ? - help, Shift-Dir - straight line, f - jackal
Aim: a jackal You throw a large rock.
The large rock closely misses the jackal.
The jackal bites you.
* * * LOW HITPOINT WARNING * * *
The jackal closely misses you.
The jackal bites you but does no damage.
The rat bites you but does no damage. The jackal bites you.
* * * LOW HITPOINT WARNING * * *
The jackal bites you.
You die...

#...#
#####...##
..........
.......
...... #...#
#..h# #(h@#
#.r.#
#####...#
#.......#
#.####..#
###.##....###
#...........#
#.#.##.##.#.#
#.#
#.##.#.#####


You could see 2 jackals and a rat.

Vanquished Creatures
  A gnoll (D:1)
  A dart slug (D:1)
  2 leopard geckos
  4 bats
  2 giant cockroaches (D:1)
  5 goblins
  3 hobgoblins
  2 jackals (D:2)
  6 kobolds (D:1)
  A ball python (D:1)
  5 frilled lizards
  3 rats (D:1)
35 creatures vanquished.

Notes
Turn   | Place    | Note
-------+----------+-------------------------------------------
     0 | D:1      | Ijustatesigmund the Ogre Hunter began the quest for the Orb.
     0 | D:1      | Reached XP level 1. HP: 22/22 MP: 1/1
    20 | D:1      | Reached skill level 3 in Fighting
    69 | D:1      | Reached XP level 2. HP: 32/32 MP: 2/2
   419 | D:1      | Reached skill level 4 in Fighting
   720 | D:1      | Reached XP level 3. HP: 33/41 MP: 3/3
   737 | D:1      | Reached skill level 5 in Fighting
  1322 | D:2      | Reached skill level 1 in Maces & Flails
  1347 | D:2      | HP: 2/42 [jackal (1)]
  1347 | D:2      | Slain by a jackal

Vault maps used:
D:1:      onia_arrival_mini_spirals
D:2:      first_ration, uniq_crazy_yiuf_cottage, uniq_terence

Skill      XL: |  1  2  3 |
---------------+----------+-----
Fighting       | 3 4 5 |  5.0
Maces & Flails | 1 |  1.1
Throwing       | |  4.0
Dodging        | |  1.7
Stealth        | |  0.6

Action                   || total
-------------------------++-------
Melee: Short sword       ||    78
       Club              ||    65
Throw: Large rock        ||     4
  Use: Scroll            ||     6
       Potion            ||     1
  Eat: Chunk             ||     1
Armor: Robe              ||    54
Dodge: Dodged            ||   120

Table legend:
 A = Spawn XP
 B = Non-spawn XP
 C = Spawn XP percentage of total XP
 D = Spawn monster count
 E = Non-spawn monster count
 F = Spawn count percentage of total count
 G = Total turns spent on level
                    A         B        C        D         E        F      G
               +---------+---------+-------+---------+---------+-------+---------
         Total |       0 |      74 |   0.0 |       0 |      35 |   0.0 |  1347
               +---------+---------+-------+---------+---------+-------+---------
           D:1 |       0 |      60 |   0.0 |       0 |      27 |   0.0 |  1083
           D:2 |       0 |      14 |   0.0 |       0 |       8 |   0.0 |   264
               +---------+---------+-------+---------+---------+-------+---------
